Connexion

BUFFALO Sabres vs MONTREAL Canadiens (R1)

Created - 22 novembre 2023 at 05:46

Goals
1 2 3 T
BUFFALO Sabres 1 1 1 3
MONTREAL Canadiens 3 1 4 8
Shots
1 2 3 T
BUFFALO Sabres 10 10 5 25
MONTREAL Canadiens 7 8 17 32

GoalsPenalties
1st period
1. MONTREAL Canadiens , Boone Jenner 9 (Kailer Yamamoto 19, Dakota Mermis 16) at 4:53
2. MONTREAL Canadiens , Brett Howden 3 (Brock Boeser 14, Tyson Barrie 32) at 4:59
3. BUFFALO Sabres , Mikhail Grigorenko 17 (Brandon Saad 13, Ryan Johansen 29) at 18:18
4. MONTREAL Canadiens , Cam Atkinson 20 (Tyler Seguin 17, Jake Guentzel 17) at 19:21
Nelson Nogier (BUF) for Unsportsmanlike conduct (Minor) at 1:52
Kailer Yamamoto (MTL) for Tripping (Minor) at 7:23
Eetu Luostarinen (BUF) for Tripping (Minor) at 9:23
2nd period
5. BUFFALO Sabres , Eetu Luostarinen 2 (Ivan Barbashev 4, Warren Foegele 5) at 9:36
6. MONTREAL Canadiens , Boone Jenner 10 (Kris Letang 14, Patrick Kane 28) at 14:27 (PP)
Tyler Myers (BUF) for Hooking (Minor) at 14:06
Jake Guentzel (MTL) for Holding (Minor) at 17:40
Michael Del Zotto (BUF) for Tripping (Minor) at 17:40
Joe Hicketts (BUF) for Hooking (Minor) at 19:40
3rd period
7. BUFFALO Sabres , Conor Sheary 18 (Joel Farabee 4, Sam Gagner 28) at 2:58
8. MONTREAL Canadiens , Brock Boeser 13 (Phil Kessel 7, Matthew Benning 9) at 8:25
9. MONTREAL Canadiens , Kailer Yamamoto 11 (Joel Edmundson 7) at 15:57
10. MONTREAL Canadiens , Dakota Mermis 6 (Tyler Seguin 18, Jake Guentzel 18) at 17:39 (PP)
11. MONTREAL Canadiens , Phil Kessel 6 (Kyle Capobianco 18, Brock Boeser 15) at 18:06
Ryan Johansen (BUF) for High sticking (Minor) at 4:12
Tyler Myers (BUF) for Roughing (Minor) at 11:04
Sam Gagner (BUF) for High sticking (Minor) at 16:16
Goalie Stats
Michael Hutchinson (BUF), 17 saves from 21 shots - (0,810), 25:33 minutes
Thatcher Demko (BUF), 7 saves from 11 shots - (0,636), L, 12-12-1, 34:27 minutes
Kevin Lankinen (MTL), 22 saves from 25 shots - (0,880), W, 18-4-2, 60:00 minutes
3 StarsOfficial
1 - Boone Jenner (MTL)
2 - Brock Boeser (MTL)
3 - Phil Kessel (MTL)
Referees : Mike Leggo and Kevin Pollock
Linesman : Pierre Champoux and Tony Sericolo
Game Note
Michael Hutchinson enters game at 14:27 of 2nd period
Finance
Level 1 -- Attendance: 6000 (100,00%) -- Ticket Income 720 000 $
Level 2 -- Attendance: 5133 (62,05%) -- Ticket Income 384 975 $
Level 3 -- Attendance: 1814 (90,70%) -- Ticket Income 99 770 $
Level 4 -- Attendance: 3956 (98,90%) -- Ticket Income 138 460 $
Luxury Box -- Attendance: 958 (95,80%) -- Ticket Income 249 080 $
Game was played at the Bell Centre.
Total Attendance: 17861 (83,96%)
Total Ticket Income: 1 592 285 $
Other Income: 318 457 $
Total Income: 1 910 742 $



Team Name Goals Shots Shots Attemp Shots Blocked PIM HIT PP PK FO%
BUFFALO Sabres 325421016260 / 1 (0%)250%
MONTREAL Canadiens 8327274382 / 7 (29%)050%

BUFFALO Sabres
Player Name POS G A P +/- PIM HIT SHT SB MP PP MP PP SHT PK MP PK SHT FO% FOT
Anton BlidhLW000-101006:070:0000:0000% 0
Brandon SaadLW/RW011-2012124:251:2017:29050% 2
Conor ShearyLW/RW101-1014014:190:3900:0000% 1
Eetu LuostarinenC1011202012:260:0002:03036% 11
Hampus LindholmD0000020124:471:2007:0000% 0
Ivan BarbashevC/LW/RW0111032110:240:0000:0000% 0
Jesper BoqvistC/LW000-100006:070:0000:000100% 5
Joe HickettsD0000210215:170:0002:3900% 0
Joel FarabeeLW011-1022014:190:3900:0000% 0
Michael Del ZottoD0000222013:040:0000:2600% 0
Mikhail GrigorenkoC/LW/RW101-2004019:401:2003:330100% 1
Nelson NogierD000-3221121:200:3913:2600% 0
Ryan JohansenC011-2224122:010:3905:47044% 34
Sam GagnerC/LW/RW011-1211018:371:2003:03054% 28
Tanner Fritz C/LW/RW000-101006:530:0000:46050% 2
Timothy LiljegrenD0000010324:171:2006:3000% 0
Tyler MyersD000-3461021:100:3903:1700% 0
Warren FoegeleLW/RW0111000011:010:0000:3700% 0
MONTREAL Canadiens
Player Name POS G A P +/- PIM HIT SHT SB MP PP MP PP SHT PK MP PK SHT FO% FOT
Boone JennerC/LW2020075020:336:2020:000100% 2
Brett HowdenC/LW1013024012:280:0000:0000% 1
Brock BoeserRW1233003012:280:0000:0000% 0
Cam AtkinsonLW/RW1010033225:495:1901:32033% 6
Carl GrundstromRW000000002:230:0000:0000% 0
Dakota MermisD1121033022:165:2520:3500% 0
Gabriel VilardiC/RW000000002:230:0000:000100% 3
Jake GuentzelC/LW/RW0220240021:045:1900:2700% 1
Joel EdmundsonD0111030022:165:2500:3500% 0
Kailer YamamotoC/LW/RW1120222020:326:2010:0000% 1
Kris LetangD0110054025:286:1441:2400% 0
Kyle CapobiancoD0112000112:160:0000:0000% 0
Matthew BenningD0112010112:160:0000:0000% 0
Patrick KaneC/RW0110051021:436:2000:27036% 25
Phil KesselC/RW1123002012:280:0000:00077% 13
Tyler SeguinC/RW0220024123:265:1911:32053% 30
Tyson BarrieD0110011225:286:1411:2400% 0
Yakov TreninC000000000:430:0000:0000% 2



Play-by-Play

1st period


0:01 of 1st period - Tyler Seguin wins face-off versus Ryan Johansen in neutral zone.
0:04 of 1st period - Timothy Liljegren is hit by Cam Atkinson and loses puck.
0:15 of 1st period - Shot by Ryan Johansen.
0:15 of 1st period - Stopped by Kevin Lankinen without a rebound.
0:16 of 1st period - Sam Gagner wins face-off versus Patrick Kane in MONTREAL Canadiens zone.
0:43 of 1st period - Shot by Boone Jenner.
0:43 of 1st period - Stopped by Thatcher Demko with a rebound.
1:08 of 1st period - Icing by Tyler Myers.
1:09 of 1st period - Sam Gagner wins face-off versus Tyler Seguin in BUFFALO Sabres zone.
1:31 of 1st period - Cam Atkinson is hit by Joel Farabee and loses puck.
1:35 of 1st period - Tyson Barrie is hit by Tyler Myers and loses puck.
1:45 of 1st period - Icing by Joel Farabee.
1:46 of 1st period - Phil Kessel wins face-off versus Sam Gagner in BUFFALO Sabres zone.
1:48 of 1st period - Brett Howden is hit by Nelson Nogier and loses puck.
1:52 of 1st period - Minor Penalty to Nelson Nogier for Unsportsmanlike conduct.
1:53 of 1st period - Ryan Johansen wins face-off versus Patrick Kane in BUFFALO Sabres zone.
1:53 of 1st period - Ryan Johansen is hit by Boone Jenner.
2:00 of 1st period - Icing by Joel Edmundson.
2:01 of 1st period - Boone Jenner wins face-off versus Ryan Johansen in MONTREAL Canadiens zone.
2:09 of 1st period - Patrick Kane is hit by Hampus Lindholm and loses puck.
2:38 of 1st period - Off-side.
2:39 of 1st period - Tyler Seguin wins face-off versus Sam Gagner in neutral zone.
2:44 of 1st period - Shot by Tyson Barrie.
2:44 of 1st period - Shot Misses the Net.
2:58 of 1st period - Shot by Kris Letang.
2:58 of 1st period - Stopped by Thatcher Demko without a rebound.
2:59 of 1st period - Tyler Seguin wins face-off versus Ryan Johansen in BUFFALO Sabres zone.
3:32 of 1st period - Shot by Tyson Barrie.
3:32 of 1st period - Shot Misses the Net.
4:04 of 1st period - Eetu Luostarinen is hit by Brett Howden and loses puck.
4:21 of 1st period - Shot by Ivan Barbashev.
4:21 of 1st period - Stopped by Kevin Lankinen without a rebound.
4:22 of 1st period - Jesper Boqvist wins face-off versus Patrick Kane in MONTREAL Canadiens zone.
4:22 of 1st period - Jesper Boqvist is hit by Joel Edmundson.
4:53 of 1st period - Shot by Boone Jenner.
4:53 of 1st period - Goal by Boone Jenner - BUFFALO Sabres : 0 - MONTREAL Canadiens : 1.
4:54 of 1st period - Phil Kessel wins face-off versus Ryan Johansen in neutral zone.
4:59 of 1st period - Shot by Brock Boeser.
4:59 of 1st period - Deflect By Brett Howden.
4:59 of 1st period - Goal by Brett Howden - BUFFALO Sabres : 0 - MONTREAL Canadiens : 2.
5:00 of 1st period - Ryan Johansen wins face-off versus Tyler Seguin in neutral zone.
5:15 of 1st period - Shot by Brandon Saad.
5:15 of 1st period - Shot Blocked by Cam Atkinson.
5:17 of 1st period - Shot by Tyler Myers.
5:17 of 1st period - Shot Blocked by Tyson Barrie.
5:19 of 1st period - Shot by Tyler Myers.
5:19 of 1st period - Stopped by Kevin Lankinen without a rebound.
5:20 of 1st period - Phil Kessel wins face-off versus Eetu Luostarinen in MONTREAL Canadiens zone.
5:39 of 1st period - Shot by Brett Howden.
5:39 of 1st period - Stopped by Thatcher Demko with a rebound.
6:39 of 1st period - Shot by Mikhail Grigorenko.
6:39 of 1st period - Deflect By Ryan Johansen.
6:39 of 1st period - Shot Misses the Net.
6:41 of 1st period - Shot by Michael Del Zotto.
6:41 of 1st period - Stopped by Kevin Lankinen without a rebound.
6:42 of 1st period - Sam Gagner wins face-off versus Kailer Yamamoto in MONTREAL Canadiens zone.
6:50 of 1st period - Conor Sheary is hit by Dakota Mermis and loses puck.
7:22 of 1st period - Nelson Nogier is hit by Patrick Kane.
7:23 of 1st period - Minor Penalty to Kailer Yamamoto for Tripping.
7:24 of 1st period - Sam Gagner wins face-off versus Cam Atkinson in MONTREAL Canadiens zone.
7:57 of 1st period - Shot by Brandon Saad.
7:57 of 1st period - Stopped by Kevin Lankinen without a rebound.
7:58 of 1st period - Ryan Johansen wins face-off versus Cam Atkinson in MONTREAL Canadiens zone.
8:08 of 1st period - Shot by Nelson Nogier.
8:08 of 1st period - Shot Blocked by Cam Atkinson.
8:18 of 1st period - Shot by Nelson Nogier.
8:18 of 1st period - Stopped by Kevin Lankinen without a rebound.
8:19 of 1st period - Sam Gagner wins face-off versus Jake Guentzel in MONTREAL Canadiens zone.
8:48 of 1st period - Icing by Mikhail Grigorenko.
8:49 of 1st period - Sam Gagner wins face-off versus Cam Atkinson in BUFFALO Sabres zone.
9:23 of 1st period - Minor Penalty to Eetu Luostarinen for Tripping.
9:24 of 1st period - Ryan Johansen wins face-off versus Patrick Kane in BUFFALO Sabres zone.
9:37 of 1st period - Ryan Johansen is hit by Patrick Kane and loses puck.
9:43 of 1st period - Boone Jenner is hit by Tyler Myers and loses puck.
10:04 of 1st period - Shot by Boone Jenner.
10:04 of 1st period - Stopped by Thatcher Demko without a rebound.
10:05 of 1st period - Sam Gagner wins face-off versus Tyler Seguin in BUFFALO Sabres zone.
11:02 of 1st period - Patrick Kane is hit by Brandon Saad and loses puck.
11:16 of 1st period - Joel Edmundson is hit by Ryan Johansen and loses puck.
11:20 of 1st period - Icing by Joel Edmundson.
11:21 of 1st period - Patrick Kane wins face-off versus Sam Gagner in MONTREAL Canadiens zone.
11:55 of 1st period - Shot by Joe Hicketts.
11:55 of 1st period - Shot Misses the Net.
11:57 of 1st period - Shot by Joe Hicketts.
11:57 of 1st period - Shot Blocked by Kyle Capobianco.
13:52 of 1st period - Shot by Sam Gagner.
13:52 of 1st period - Shot Blocked by Tyler Seguin.
13:54 of 1st period - Shot by Conor Sheary.
13:54 of 1st period - Stopped by Kevin Lankinen without a rebound.
13:55 of 1st period - Phil Kessel wins face-off versus Ryan Johansen in MONTREAL Canadiens zone.
14:58 of 1st period - Hampus Lindholm is hit by Boone Jenner.
15:26 of 1st period - Shot by Patrick Kane.
15:26 of 1st period - Shot Misses the Net.
15:28 of 1st period - Shot by Boone Jenner.
15:28 of 1st period - Shot Misses the Net.
15:37 of 1st period - Hampus Lindholm is hit by Kris Letang and loses puck.
16:46 of 1st period - Shot by Brock Boeser.
16:46 of 1st period - Shot Misses the Net.
17:10 of 1st period - Icing by Matthew Benning.
17:11 of 1st period - Phil Kessel wins face-off versus Sam Gagner in MONTREAL Canadiens zone.
17:43 of 1st period - Shot by Michael Del Zotto.
17:43 of 1st period - Stopped by Kevin Lankinen without a rebound.
17:44 of 1st period - Tyler Seguin wins face-off versus Ryan Johansen in MONTREAL Canadiens zone.
17:46 of 1st period - Icing by Kris Letang.
17:47 of 1st period - Tyler Seguin wins face-off versus Ryan Johansen in MONTREAL Canadiens zone.
18:00 of 1st period - Shot by Cam Atkinson.
18:00 of 1st period - Shot Misses the Net.
18:05 of 1st period - Ryan Johansen is hit by Kris Letang and loses puck.
18:18 of 1st period - Shot by Mikhail Grigorenko.
18:18 of 1st period - Goal by Mikhail Grigorenko - BUFFALO Sabres : 1 - MONTREAL Canadiens : 2.
18:19 of 1st period - Patrick Kane wins face-off versus Sam Gagner in neutral zone.
18:19 of 1st period - Kailer Yamamoto is hit by Sam Gagner and loses puck.
18:35 of 1st period - Conor Sheary is hit by Joel Edmundson and loses puck.
18:47 of 1st period - Off-side.
18:48 of 1st period - Tyler Seguin wins face-off versus Ryan Johansen in neutral zone.
19:09 of 1st period - Shot by Jake Guentzel.
19:09 of 1st period - Shot Misses the Net.
19:21 of 1st period - Shot by Cam Atkinson.
19:21 of 1st period - Goal by Cam Atkinson - BUFFALO Sabres : 1 - MONTREAL Canadiens : 3.
19:22 of 1st period - Sam Gagner wins face-off versus Patrick Kane in neutral zone.
19:24 of 1st period - Joe Hicketts is hit by Boone Jenner and loses puck.
19:39 of 1st period - Shot by Sam Gagner.
19:39 of 1st period - Shot Misses the Net.
19:55 of 1st period - Shot by Joel Farabee.
19:55 of 1st period - Stopped by Kevin Lankinen without a rebound.
19:56 of 1st period - Ryan Johansen wins face-off versus Tyler Seguin in MONTREAL Canadiens zone.
Goals for this period are 1 for BUFFALO Sabres vs 3 for MONTREAL Canadiens.
Shots for this period are 10 for BUFFALO Sabres vs 7 for MONTREAL Canadiens.

2nd period


0:01 of 2nd period - Ryan Johansen wins face-off versus Tyler Seguin in neutral zone.
0:32 of 2nd period - Shot by Mikhail Grigorenko.
0:32 of 2nd period - Shot Misses the Net.
0:44 of 2nd period - Shot by Mikhail Grigorenko.
0:44 of 2nd period - Stopped by Kevin Lankinen with a rebound.
1:05 of 2nd period - Icing by Tyson Barrie.
1:06 of 2nd period - Tyler Seguin wins face-off versus Eetu Luostarinen in MONTREAL Canadiens zone.
1:33 of 2nd period - Shot by Boone Jenner.
1:33 of 2nd period - Shot Misses the Net.
1:37 of 2nd period - Shot by Kailer Yamamoto.
1:37 of 2nd period - Shot Misses the Net.
1:39 of 2nd period - Shot by Patrick Kane.
1:39 of 2nd period - Shot Misses the Net.
1:41 of 2nd period - Shot by Boone Jenner.
1:41 of 2nd period - Shot Misses the Net.
1:43 of 2nd period - Shot by Dakota Mermis.
1:43 of 2nd period - Stopped by Thatcher Demko without a rebound.
1:44 of 2nd period - Sam Gagner wins face-off versus Phil Kessel in BUFFALO Sabres zone.
1:57 of 2nd period - Shot by Joel Farabee.
1:57 of 2nd period - Stopped by Kevin Lankinen without a rebound.
1:58 of 2nd period - Patrick Kane wins face-off versus Ryan Johansen in MONTREAL Canadiens zone.
2:28 of 2nd period - Shot by Ryan Johansen.
2:28 of 2nd period - Stopped by Kevin Lankinen without a rebound.
2:29 of 2nd period - Gabriel Vilardi wins face-off versus Sam Gagner in MONTREAL Canadiens zone.
2:51 of 2nd period - Sam Gagner is hit by Tyson Barrie and loses puck.
2:55 of 2nd period - Conor Sheary is hit by Kris Letang and loses puck.
3:13 of 2nd period - Joel Farabee is hit by Kris Letang and loses puck.
3:33 of 2nd period - Off-side.
3:34 of 2nd period - Patrick Kane wins face-off versus Eetu Luostarinen in neutral zone.
4:09 of 2nd period - Kailer Yamamoto is hit by Michael Del Zotto and loses puck.
5:13 of 2nd period - Shot by Ryan Johansen.
5:13 of 2nd period - Stopped by Kevin Lankinen without a rebound.
5:14 of 2nd period - Tyler Seguin wins face-off versus Sam Gagner in MONTREAL Canadiens zone.
5:38 of 2nd period - Icing by Tyson Barrie.
5:39 of 2nd period - Jesper Boqvist wins face-off versus Tyler Seguin in MONTREAL Canadiens zone.
6:07 of 2nd period - Tanner Fritz is hit by Kris Letang and loses puck.
7:25 of 2nd period - Icing by Ryan Johansen.
7:26 of 2nd period - Gabriel Vilardi wins face-off versus Ryan Johansen in BUFFALO Sabres zone.
7:28 of 2nd period - Cam Atkinson is hit by Tyler Myers and loses puck.
7:37 of 2nd period - Icing by Ryan Johansen.
7:38 of 2nd period - Phil Kessel wins face-off versus Ryan Johansen in BUFFALO Sabres zone.
7:38 of 2nd period - Phil Kessel is hit by Tyler Myers.
7:56 of 2nd period - Shot by Brett Howden.
7:56 of 2nd period - Stopped by Thatcher Demko without a rebound.
7:57 of 2nd period - Sam Gagner wins face-off versus Tyler Seguin in BUFFALO Sabres zone.
7:57 of 2nd period - Sam Gagner is hit by Tyler Seguin.
8:13 of 2nd period - Shot by Jake Guentzel.
8:13 of 2nd period - Shot Blocked by Hampus Lindholm.
8:30 of 2nd period - Conor Sheary is hit by Joel Edmundson and loses puck.
8:39 of 2nd period - Shot by Joel Farabee.
8:39 of 2nd period - Shot Misses the Net.
8:50 of 2nd period - Tyler Seguin is hit by Joe Hicketts and loses puck.
9:07 of 2nd period - Icing by Eetu Luostarinen.
9:08 of 2nd period - Patrick Kane wins face-off versus Eetu Luostarinen in BUFFALO Sabres zone.
9:36 of 2nd period - Shot by Eetu Luostarinen.
9:36 of 2nd period - Goal by Eetu Luostarinen - BUFFALO Sabres : 2 - MONTREAL Canadiens : 3.
9:37 of 2nd period - Phil Kessel wins face-off versus Ryan Johansen in neutral zone.
12:05 of 2nd period - Shot by Tyler Seguin.
12:05 of 2nd period - Stopped by Thatcher Demko without a rebound.
12:06 of 2nd period - Jesper Boqvist wins face-off versus Brett Howden in BUFFALO Sabres zone.
12:06 of 2nd period - Michael Del Zotto is hit by Brett Howden and loses puck.
12:20 of 2nd period - Jesper Boqvist is hit by Matthew Benning and loses puck.
12:49 of 2nd period - Brett Howden is hit by Ivan Barbashev and loses puck.
12:58 of 2nd period - Shot by Ivan Barbashev.
12:58 of 2nd period - Shot Misses the Net.
13:00 of 2nd period - Shot by Ivan Barbashev.
13:00 of 2nd period - Stopped by Kevin Lankinen without a rebound.
13:01 of 2nd period - Tyler Seguin wins face-off versus Ryan Johansen in MONTREAL Canadiens zone.
13:01 of 2nd period - Tyler Seguin is hit by Ryan Johansen.
13:06 of 2nd period - Cam Atkinson is hit by Hampus Lindholm and loses puck.
13:13 of 2nd period - Hampus Lindholm is hit by Tyler Seguin.
13:32 of 2nd period - Brandon Saad is hit by Dakota Mermis and loses puck.
14:04 of 2nd period - Icing by Sam Gagner.
14:05 of 2nd period - Patrick Kane wins face-off versus Sam Gagner in BUFFALO Sabres zone.
14:05 of 2nd period - Patrick Kane is hit by Tyler Myers.
14:06 of 2nd period - Minor Penalty to Tyler Myers for Hooking.
14:07 of 2nd period - Ryan Johansen wins face-off versus Patrick Kane in BUFFALO Sabres zone.
14:07 of 2nd period - Ryan Johansen is hit by Patrick Kane.
14:21 of 2nd period - Shot by Boone Jenner.
14:21 of 2nd period - Shot Blocked by Brandon Saad.
14:23 of 2nd period - Shot by Boone Jenner.
14:23 of 2nd period - Deflect By Patrick Kane.
14:23 of 2nd period - Shot Blocked by Joe Hicketts.
14:25 of 2nd period - Shot by Kris Letang.
14:25 of 2nd period - Shot Blocked by Joe Hicketts.
14:27 of 2nd period - Shot by Boone Jenner.
14:27 of 2nd period - Goal by Boone Jenner - BUFFALO Sabres : 2 - MONTREAL Canadiens : 4.
14:27 of 2nd period - Michael Hutchinson enters game.
14:28 of 2nd period - Phil Kessel wins face-off versus Sam Gagner in neutral zone.
14:56 of 2nd period - Icing by Brock Boeser.
14:57 of 2nd period - Eetu Luostarinen wins face-off versus Phil Kessel in MONTREAL Canadiens zone.
15:36 of 2nd period - Shot by Cam Atkinson.
15:36 of 2nd period - Stopped by Michael Hutchinson without a rebound.
15:37 of 2nd period - Patrick Kane wins face-off versus Ryan Johansen in BUFFALO Sabres zone.
15:57 of 2nd period - Off-side.
15:58 of 2nd period - Tyler Seguin wins face-off versus Sam Gagner in neutral zone.
16:09 of 2nd period - Joel Farabee is hit by Cam Atkinson and loses puck.
16:15 of 2nd period - Off-side.
16:16 of 2nd period - Ryan Johansen wins face-off versus Patrick Kane in neutral zone.
16:29 of 2nd period - Shot by Ryan Johansen.
16:29 of 2nd period - Stopped by Kevin Lankinen without a rebound.
16:30 of 2nd period - Sam Gagner wins face-off versus Tyler Seguin in MONTREAL Canadiens zone.
16:33 of 2nd period - Shot by Sam Gagner.
16:33 of 2nd period - Stopped by Kevin Lankinen with a rebound.
16:53 of 2nd period - Shot by Tyler Seguin.
16:53 of 2nd period - Stopped by Michael Hutchinson with a rebound.
16:55 of 2nd period - Shot by Cam Atkinson.
16:55 of 2nd period - Stopped by Michael Hutchinson without a rebound.
16:56 of 2nd period - Mikhail Grigorenko wins face-off versus Patrick Kane in BUFFALO Sabres zone.
17:09 of 2nd period - Shot by Mikhail Grigorenko.
17:09 of 2nd period - Stopped by Kevin Lankinen without a rebound.
17:10 of 2nd period - Tyler Seguin wins face-off versus Eetu Luostarinen in MONTREAL Canadiens zone.
17:10 of 2nd period - Tyler Seguin is hit by Ivan Barbashev.
17:18 of 2nd period - Shot by Jake Guentzel.
17:18 of 2nd period - Shot Misses the Net.
17:38 of 2nd period - Ivan Barbashev is hit by Jake Guentzel and loses puck.
17:40 of 2nd period - Minor Penalty to Jake Guentzel for Holding.
17:40 of 2nd period - Minor Penalty to Michael Del Zotto for Tripping.
17:41 of 2nd period - Ryan Johansen wins face-off versus Cam Atkinson in BUFFALO Sabres zone.
18:20 of 2nd period - Ryan Johansen is hit by Cam Atkinson.
18:48 of 2nd period - Icing by Mikhail Grigorenko.
18:49 of 2nd period - Sam Gagner wins face-off versus Yakov Trenin in BUFFALO Sabres zone.
19:10 of 2nd period - Yakov Trenin is hit by Nelson Nogier and loses puck.
19:15 of 2nd period - Shot by Patrick Kane.
19:15 of 2nd period - Stopped by Michael Hutchinson without a rebound.
19:16 of 2nd period - Ryan Johansen wins face-off versus Yakov Trenin in BUFFALO Sabres zone.
19:31 of 2nd period - Shot by Ryan Johansen.
19:31 of 2nd period - Deflect By Brandon Saad.
19:31 of 2nd period - Stopped by Kevin Lankinen without a rebound.
19:32 of 2nd period - Cam Atkinson wins face-off versus Brandon Saad in MONTREAL Canadiens zone.
19:40 of 2nd period - Minor Penalty to Joe Hicketts for Hooking.
19:41 of 2nd period - Ryan Johansen wins face-off versus Patrick Kane in BUFFALO Sabres zone.
19:41 of 2nd period - Ryan Johansen is hit by Patrick Kane.
19:53 of 2nd period - Ryan Johansen is hit by Kailer Yamamoto and loses puck.
Goals for this period are 1 for BUFFALO Sabres vs 1 for MONTREAL Canadiens.
Shots for this period are 10 for BUFFALO Sabres vs 8 for MONTREAL Canadiens.

3rd period


0:01 of 3rd period - Tyler Seguin wins face-off versus Ryan Johansen in neutral zone.
0:22 of 3rd period - Shot by Tyson Barrie.
0:22 of 3rd period - Stopped by Michael Hutchinson without a rebound.
0:23 of 3rd period - Brandon Saad wins face-off versus Patrick Kane in BUFFALO Sabres zone.
0:23 of 3rd period - Brandon Saad is hit by Boone Jenner.
0:45 of 3rd period - Shot by Dakota Mermis.
0:45 of 3rd period - Shot Hit the Post.
0:47 of 3rd period - Shot by Dakota Mermis.
0:47 of 3rd period - Stopped by Michael Hutchinson without a rebound.
0:48 of 3rd period - Ryan Johansen wins face-off versus Tyler Seguin in BUFFALO Sabres zone.
1:01 of 3rd period - Shot by Tyler Seguin.
1:01 of 3rd period - Shot Misses the Net.
1:03 of 3rd period - Shot by Tyson Barrie.
1:03 of 3rd period - Shot Misses the Net.
1:43 of 3rd period - Off-side.
1:44 of 3rd period - Boone Jenner wins face-off versus Eetu Luostarinen in neutral zone.
1:44 of 3rd period - Kailer Yamamoto is hit by Ivan Barbashev and loses puck.
2:00 of 3rd period - Kailer Yamamoto is hit by Michael Del Zotto.
2:38 of 3rd period - Timothy Liljegren is hit by Boone Jenner and loses puck.
2:54 of 3rd period - Shot by Conor Sheary.
2:54 of 3rd period - Shot Misses the Net.
2:56 of 3rd period - Shot by Conor Sheary.
2:56 of 3rd period - Stopped by Kevin Lankinen with a rebound.
2:58 of 3rd period - Shot by Joel Farabee.
2:58 of 3rd period - Deflect By Conor Sheary.
2:58 of 3rd period - Goal by Conor Sheary - BUFFALO Sabres : 3 - MONTREAL Canadiens : 4.
2:59 of 3rd period - Ryan Johansen wins face-off versus Tyler Seguin in neutral zone.
3:14 of 3rd period - Shot by Mikhail Grigorenko.
3:14 of 3rd period - Stopped by Kevin Lankinen without a rebound.
3:15 of 3rd period - Phil Kessel wins face-off versus Tanner Fritz in MONTREAL Canadiens zone.
3:15 of 3rd period - Phil Kessel is hit by Tanner Fritz .
3:31 of 3rd period - Shot by Brett Howden.
3:31 of 3rd period - Stopped by Michael Hutchinson without a rebound.
3:32 of 3rd period - Tyler Seguin wins face-off versus Ryan Johansen in BUFFALO Sabres zone.
3:37 of 3rd period - Shot by Cam Atkinson.
3:37 of 3rd period - Shot Blocked by Nelson Nogier.
4:11 of 3rd period - Shot by Mikhail Grigorenko.
4:11 of 3rd period - Shot Misses the Net.
4:12 of 3rd period - Minor Penalty to Ryan Johansen for High sticking.
4:13 of 3rd period - Eetu Luostarinen wins face-off versus Patrick Kane in BUFFALO Sabres zone.
4:13 of 3rd period - Eetu Luostarinen is hit by Dakota Mermis.
4:20 of 3rd period - Icing by Boone Jenner.
4:21 of 3rd period - Eetu Luostarinen wins face-off versus Patrick Kane in MONTREAL Canadiens zone.
5:29 of 3rd period - Jake Guentzel is hit by Timothy Liljegren and loses puck.
5:34 of 3rd period - Shot by Kris Letang.
5:34 of 3rd period - Stopped by Michael Hutchinson without a rebound.
5:35 of 3rd period - Sam Gagner wins face-off versus Tyler Seguin in BUFFALO Sabres zone.
5:49 of 3rd period - Shot by Tyson Barrie.
5:49 of 3rd period - Shot Misses the Net.
5:51 of 3rd period - Shot by Kris Letang.
5:51 of 3rd period - Stopped by Michael Hutchinson without a rebound.
5:52 of 3rd period - Tanner Fritz wins face-off versus Patrick Kane in BUFFALO Sabres zone.
6:07 of 3rd period - Shot by Dakota Mermis.
6:07 of 3rd period - Shot Misses the Net.
6:13 of 3rd period - Shot by Brock Boeser.
6:13 of 3rd period - Stopped by Michael Hutchinson without a rebound.
6:14 of 3rd period - Jesper Boqvist wins face-off versus Tyler Seguin in BUFFALO Sabres zone.
6:21 of 3rd period - Tyler Seguin is hit by Anton Blidh and loses puck.
6:49 of 3rd period - Shot by Anton Blidh.
6:49 of 3rd period - Shot Blocked by Tyson Barrie.
7:14 of 3rd period - Sam Gagner is hit by Boone Jenner and loses puck.
8:15 of 3rd period - Shot by Phil Kessel.
8:15 of 3rd period - Shot Misses the Net.
8:25 of 3rd period - Shot by Phil Kessel.
8:25 of 3rd period - Deflect By Brock Boeser.
8:25 of 3rd period - Goal by Brock Boeser - BUFFALO Sabres : 3 - MONTREAL Canadiens : 5.
8:26 of 3rd period - Gabriel Vilardi wins face-off versus Ryan Johansen in neutral zone.
10:10 of 3rd period - Michael Del Zotto is hit by Boone Jenner and loses puck.
10:17 of 3rd period - Ivan Barbashev is hit by Kailer Yamamoto and loses puck.
10:24 of 3rd period - Shot by Patrick Kane.
10:24 of 3rd period - Shot Misses the Net.
10:26 of 3rd period - Shot by Boone Jenner.
10:26 of 3rd period - Stopped by Michael Hutchinson without a rebound.
10:27 of 3rd period - Jesper Boqvist wins face-off versus Tyler Seguin in BUFFALO Sabres zone.
10:27 of 3rd period - Jesper Boqvist is hit by Jake Guentzel.
10:32 of 3rd period - Tyler Myers is hit by Jake Guentzel and loses puck.
10:54 of 3rd period - Tyler Seguin is hit by Tyler Myers and loses puck.
11:04 of 3rd period - Minor Penalty to Tyler Myers for Roughing.
11:05 of 3rd period - Ryan Johansen wins face-off versus Patrick Kane in BUFFALO Sabres zone.
11:30 of 3rd period - Shot by Kailer Yamamoto.
11:30 of 3rd period - Shot Misses the Net.
12:14 of 3rd period - Shot by Jake Guentzel.
12:14 of 3rd period - Shot Misses the Net.
12:16 of 3rd period - Shot by Tyler Seguin.
12:16 of 3rd period - Stopped by Michael Hutchinson without a rebound.
12:17 of 3rd period - Sam Gagner wins face-off versus Tyler Seguin in BUFFALO Sabres zone.
12:28 of 3rd period - Shot by Kris Letang.
12:28 of 3rd period - Stopped by Michael Hutchinson without a rebound.
12:29 of 3rd period - Patrick Kane wins face-off versus Ryan Johansen in BUFFALO Sabres zone.
12:32 of 3rd period - Shot by Kailer Yamamoto.
12:32 of 3rd period - Shot Blocked by Ryan Johansen.
12:34 of 3rd period - Shot by Joel Edmundson.
12:34 of 3rd period - Shot Blocked by Timothy Liljegren.
12:42 of 3rd period - Shot by Kailer Yamamoto.
12:42 of 3rd period - Stopped by Michael Hutchinson without a rebound.
12:43 of 3rd period - Tyler Seguin wins face-off versus Sam Gagner in BUFFALO Sabres zone.
13:08 of 3rd period - Shot by Phil Kessel.
13:08 of 3rd period - Stopped by Michael Hutchinson with a rebound.
13:10 of 3rd period - Shot by Brett Howden.
13:10 of 3rd period - Shot Blocked by Timothy Liljegren.
13:12 of 3rd period - Shot by Brett Howden.
13:12 of 3rd period - Shot Misses the Net.
13:14 of 3rd period - Shot by Phil Kessel.
13:14 of 3rd period - Shot Misses the Net.
13:16 of 3rd period - Shot by Brett Howden.
13:16 of 3rd period - Shot Blocked by Timothy Liljegren.
13:18 of 3rd period - Shot by Phil Kessel.
13:18 of 3rd period - Shot Blocked by Ivan Barbashev.
13:20 of 3rd period - Shot by Brock Boeser.
13:20 of 3rd period - Shot Misses the Net.
13:30 of 3rd period - Shot by Brock Boeser.
13:30 of 3rd period - Stopped by Michael Hutchinson with a rebound.
13:41 of 3rd period - Icing by Matthew Benning.
13:42 of 3rd period - Phil Kessel wins face-off versus Conor Sheary in MONTREAL Canadiens zone.
13:42 of 3rd period - Phil Kessel is hit by Conor Sheary.
14:13 of 3rd period - Shot by Joe Hicketts.
14:13 of 3rd period - Shot Misses the Net.
14:15 of 3rd period - Shot by Sam Gagner.
14:15 of 3rd period - Shot Blocked by Matthew Benning.
14:17 of 3rd period - Shot by Michael Del Zotto.
14:17 of 3rd period - Shot Misses the Net.
14:19 of 3rd period - Shot by Conor Sheary.
14:19 of 3rd period - Stopped by Kevin Lankinen with a rebound.
15:17 of 3rd period - Shot by Cam Atkinson.
15:17 of 3rd period - Shot Misses the Net.
15:47 of 3rd period - Shot by Boone Jenner.
15:47 of 3rd period - Shot Misses the Net.
15:49 of 3rd period - Shot by Joel Edmundson.
15:49 of 3rd period - Shot Misses the Net.
15:57 of 3rd period - Shot by Kailer Yamamoto.
15:57 of 3rd period - Goal by Kailer Yamamoto - BUFFALO Sabres : 3 - MONTREAL Canadiens : 6.
15:58 of 3rd period - Cam Atkinson wins face-off versus Sam Gagner in neutral zone.
15:58 of 3rd period - Dakota Mermis is hit by Joel Farabee and loses puck.
16:16 of 3rd period - Minor Penalty to Sam Gagner for High sticking.
16:17 of 3rd period - Patrick Kane wins face-off versus Eetu Luostarinen in BUFFALO Sabres zone.
16:53 of 3rd period - Shot by Patrick Kane.
16:53 of 3rd period - Deflect By Boone Jenner.
16:53 of 3rd period - Shot Misses the Net.
17:21 of 3rd period - Shot by Jake Guentzel.
17:21 of 3rd period - Shot Misses the Net.
17:39 of 3rd period - Shot by Dakota Mermis.
17:39 of 3rd period - Goal by Dakota Mermis - BUFFALO Sabres : 3 - MONTREAL Canadiens : 7.
17:40 of 3rd period - Sam Gagner wins face-off versus Phil Kessel in neutral zone.
18:06 of 3rd period - Shot by Phil Kessel.
18:06 of 3rd period - Goal by Phil Kessel - BUFFALO Sabres : 3 - MONTREAL Canadiens : 8.
18:07 of 3rd period - Eetu Luostarinen wins face-off versus Patrick Kane in neutral zone.
18:26 of 3rd period - Shot by Eetu Luostarinen.
18:26 of 3rd period - Stopped by Kevin Lankinen without a rebound.
18:27 of 3rd period - Tyler Seguin wins face-off versus Sam Gagner in MONTREAL Canadiens zone.
18:34 of 3rd period - Shot by Tyler Seguin.
18:34 of 3rd period - Stopped by Michael Hutchinson with a rebound.
18:36 of 3rd period - Shot by Tyler Seguin.
18:36 of 3rd period - Deflect By Jake Guentzel.
18:36 of 3rd period - Shot Misses the Net.
18:53 of 3rd period - Timothy Liljegren is hit by Jake Guentzel and loses puck.
19:07 of 3rd period - Icing by Tyler Seguin.
19:08 of 3rd period - Tyler Seguin wins face-off versus Ryan Johansen in MONTREAL Canadiens zone.
19:28 of 3rd period - Icing by Nelson Nogier.
19:29 of 3rd period - Ryan Johansen wins face-off versus Patrick Kane in BUFFALO Sabres zone.
19:36 of 3rd period - Brandon Saad is hit by Patrick Kane and loses puck.
Goals for this period are 1 for BUFFALO Sabres vs 4 for MONTREAL Canadiens.
Shots for this period are 5 for BUFFALO Sabres vs 17 for MONTREAL Canadiens.